 Dungeon Crawl Stone Soup version 0.30.1-5-ged363bc7ee (webtiles) character file.

Game seed: 12042791014497555534

1369555 LordWeiramon the Archmage (level 27, 155/155 HPs)
             Began as a Deep Elf Earth Elementalist on Sept 18, 2023.
             Was a High Priest of Sif Muna.
             Escaped with the Orb
             ... and 3 runes on Sept 19, 2023!
             The game lasted 09:42:58 (124221 turns).

LordWeiramon the Archmage (DEEE)                  Turns: 124221, Time: 09:42:59

Health: 155/155    AC: 27    Str: 12    XL:     27
Magic:  35/56      EV: 31    Int: 32    God:    Sif Muna [*****.]
Gold:   5342       SH: 22    Dex: 29    Spells: 31/80 levels left

rFire   + + .        a - staff of conjuration "Ycusueshraa" {Dex+2 SInv}
rCold   + + .        k - +5 kite shield {rC+ rF+}
rNeg    + + .        J - +6 acid dragon scales
rPois   +            C - +2 hat of Qownebo {rF+ rC+ Int+3}
rElec   +            D - +2 cloak {Will+}
rCorr   +            E - +2 pair of gloves
SInv    +            B - +2 pair of boots {rampage}
Will    +++++        g - amulet of the Four Winds {rN+ Will+++ Clar}
Stlth   +            w - ring of the Priest {rElec rCorr Str+6 Int-4 Dex+4}
HPRegen 0.45/turn    P - ring "Reengud" {rPois rN+ Dex+5}
MPRegen 0.35/turn

%: clarity, rampage
@: studying 2 skills
A: clever 1, sense surroundings 1, inability to drink after injury 1
0: Orb of Zot
}: 3/15 runes: serpentine, barnacled, silver
a: Renounce Religion, Channel Magic, Forget Spell, Divine Exegesis


You escaped.
You worshipped Sif Muna.
Sif Muna was extremely pleased with you.
You visited 10 branches of the dungeon, and saw 50 of its levels.
You also visited: Ossuary and Desolation.

You collected 7811 gold pieces.
You spent 2469 gold pieces at shops.

Inventory:

Hand Weapons
 b - the +6 dagger "Doupt" {spect, Str+3 Int+7}
   (You found it on level 9 of the Dungeon)

   Str:       It affects your strength (+3).
   Int:       It affects your intelligence (+7).
Missiles
 N - 5 throwing nets (quivered)
 O - 13 curare-tipped darts
Armour
 k - a +5 kite shield of resistance (worn)
 B - a +2 pair of boots of rampaging (worn)
 C - the +2 hat of Qownebo (worn) {rF+ rC+ Int+3}
   (You found it on level 4 of the Vaults)

   Int:       It affects your intelligence (+3).
   rF:        It protects you from fire.
   rC:        It protects you from cold.
 D - a +2 cloak of willpower (worn)
 E - a +2 pair of gloves (worn)
 H - +2 fire dragon scales {Xtahua}
 J - +6 acid dragon scales (worn)
Magical Staves
 a - the staff of conjuration "Ycusueshraa" (weapon) {Dex+2 SInv}
   (You found it in the Desolation of Salt)

   [staff of conjuration]

   Base accuracy: +5 Base damage: 5 Base attack delay: 1.2 This weapon's minimum
   attack delay (0.6) is reached at skill level 12.
   Dex:       It affects your dexterity (+2).
   SInv:      It lets you see invisible.
   It falls into the 'Staves' category.
   It is a one-handed weapon.
Jewellery
 e - the ring of Veeru {Will+ Int+2 Dex+6 Stlth+}
   (You acquired it on level 4 of the Vaults)

   [ring of dexterity]

   Int:       It affects your intelligence (+2).
   Dex:       It affects your dexterity (+6).
   Will:      It increases your willpower.
   Stlth:     It makes you more stealthy.
 g - the amulet of the Four Winds (around neck) {rN+ Will+++ Clar}
   (You bought it in a shop on level 8 of the Dungeon)

   [amulet of nothing]

   rN:        It protects you from negative energy.
   Clar:      It protects you from confusion, rage, mesmerisation and fear.
   Will:      It greatly increases your willpower.
 w - the ring of the Priest (left hand) {rElec rCorr Str+6 Int-4 Dex+4}
   (You took it off a servant of whispers in the Desolation of Salt)

   [ring of strength]

   Str:       It affects your strength (+6).
   Int:       It affects your intelligence (-4).
   Dex:       It affects your dexterity (+4).
   rElec:     It insulates you from electricity.
   rCorr:     It protects you from acid and corrosion.
 M - the ring "Roreleu" {rElec rF+ rN+ Str+3 Slay-5}
   (You found it on level 3 of the Crypt)

   [ring of positive energy]

   Str:       It affects your strength (+3).
   Slay:      It affects your accuracy & damage with ranged weapons and melee
   (-5).
   rF:        It protects you from fire.
   rElec:     It insulates you from electricity.
   rN:        It protects you from negative energy.
 P - the ring "Reengud" (right hand) {rPois rN+ Dex+5}
   (You found it on level 3 of the Crypt)

   [ring of positive energy]

   Dex:       It affects your dexterity (+5).
   rPois:     It protects you from poison.
   rN:        It protects you from negative energy.
 W - a ring of flight
Wands
 p - a wand of polymorph (16)
 v - a wand of digging (19)
 z - a wand of paralysis (42)
 F - a wand of flame (99)
 G - a wand of roots (44)
 L - a wand of light (36)
 R - a wand of mindburst (24)
Scrolls
 c - 6 scrolls of fog
 d - 11 scrolls of immolation
 i - 21 scrolls of teleportation
 l - 4 scrolls of amnesia
 t - 6 scrolls of silence
 x - 2 scrolls of summoning
 y - 5 scrolls of fear
 K - 9 scrolls of magic mapping
 Y - 6 scrolls of poison
Potions
 f - 12 potions of cancellation
 h - a potion of invisibility
 m - 32 potions of curing
 n - 3 potions of magic
 q - 8 potions of flight
 r - a potion of resistance
 s - 14 potions of heal wounds
 u - 3 potions of haste
 I - 9 potions of brilliance
 Z - 5 potions of mutation
Miscellaneous
 j - a condenser vane
 o - a phial of floods
 T - a box of beasts
 U - a phantom mirror
 X - a lightning rod (4/4)


   Skills:
 - Level 11.0 Fighting
 - Level 12.5 Staves
 - Level 10.1 Armour
 - Level 20.0 Dodging
 - Level 2.4 Stealth
 - Level 18.0 Shields
 O Level 27 Spellcasting
 - Level 21.0 Conjurations
 - Level 1.6 Translocations
 - Level 1.1 Transmutations
 - Level 4.0 Fire Magic
 - Level 3.1 Air Magic
 O Level 27 Earth Magic
 - Level 3.5 Poison Magic
 + Level 12.7 Invocations
 - Level 11.0 Evocations


You had 31 spell levels left.
You knew the following spells:

 Your Spells              Type           Power      Damage    Failure   Level
a - Magic Dart            Conj           100%       1d8       0%          1
b - Blink                 Tloc           100%       N/A       1%          2
c - Mephitic Cloud        Conj/Pois/Air  100%       N/A       1%          3
d - Shatter               Erth           60%        3d45*     1%          9
e - Lehudib's Crystal Sp  Conj/Erth      69%        10d16     1%          8
f - Fireball              Conj/Fire      55%        3d21      1%          5
g - Apportation           Tloc           100%       N/A       1%          1
h - Passwall              Tmut/Erth      77%        N/A       0%          2
i - Iron Shot             Conj/Erth      69%        9d13      0%          6
j - Lee's Rapid Deconstr  Erth           60%        3d28*     0%          5
o - Orb of Destruction    Conj           66%        9d16      1%          7

Your spell library contained the following spells:

 Spells                   Type           Power      Damage    Failure   Level
 Foxfire                  Conj/Fire      100%       2x1d9     0%          1
 Kiss of Death            Conj/Necr      100%       2d13      0%          1
 Sandblast                Erth           100%       2d20      0%          1
 Shock                    Conj/Air       100%       1d9       0%          1
 Searing Ray              Conj           100%       2d8       0%          2
 Static Discharge         Conj/Air       100%       2-7/arc   0%          2
 Stone Arrow              Conj/Erth      100%       3d13      0%          3
 Iskenderun's Battlesphe  Conj           100%       2d15      0%          5
 Beastly Appendage        Tmut           100%       N/A       1%          1
 Necrotise                Necr           100%       1d9       1%          1
 Slow                     Hex            100%       N/A       1%          1
 Sting                    Tmut/Pois      100%       1d8       1%          1
 Summon Small Mammal      Summ           100%       N/A       1%          1
 Call Imp                 Summ           86%        N/A       1%          2
 Cigotuvi's Dreadful Rot  Necr/Pois/Air  100%       N/A       1%          2
 Ensorcelled Hibernation  Hex/Ice        86%        N/A       1%          2
 Lesser Beckoning         Tloc           100%       N/A       1%          2
 Momentum Strike          Conj/Tloc      100%       3d10      1%          2
 Poisonous Vapours        Pois/Air       100%       N/A       1%          2
 Scorch                   Fire           100%       2d9       1%          2
 Sublimation of Blood     Necr           43%        N/A       1%          2
 Wereblood                Tmut           50%        N/A       1%          2
 Dazzling Flash           Conj/Hex       100%       N/A       1%          3
 Gell's Gravitas          Tloc           52%        N/A       1%          3
 Hailstorm                Conj/Ice       100%       3d20      1%          3
 Ignite Poison            Fire/Tmut/Pois 57%        N/A       1%          3
 Inner Flame              Hex/Fire       54%        N/A       1%          3
 Spider Form              Tmut/Pois      55%        N/A       1%          3
 Swiftness                Air            59%        N/A       1%          3
 Teleport Other           Tloc           52%        N/A       1%          3
 Vhi's Electric Charge    Tloc/Air       100%       N/A       1%          3
 Volatile Blastmotes      Fire/Tloc      100%       2d18      1%          3
 Animate Armour           Summ/Erth      100%       N/A       1%          4
 Flame Wave               Conj/Fire      100%       2d21      1%          4
 Fulminant Prism          Conj/Hex       52%        3d23      1%          4
 Iskenderun's Mystic Bla  Conj/Tloc      100%       2d19      1%          4
 Leda's Liquefaction      Hex/Erth       46%        N/A       1%          4
 Petrify                  Tmut/Erth      93%        N/A       1%          4
 Sticky Flame             Conj/Fire      100%       2d11      1%          4
 Arcjolt                  Conj/Air       55%        1d65      1%          5
 Borgnjor's Vile Clutch   Necr/Erth      46%        N/A       1%          5
 Freezing Cloud           Conj/Ice/Air   48%        6-21      1%          5
 Irradiate                Conj/Tmut      53%        3d29      1%          5
 Conjure Ball Lightning   Conj/Air       55%        3x3d20    1%          6
 Starburst                Conj/Fire      55%        6d15      1%          6
 Statue Form              Tmut/Erth      62%        N/A       1%          6
 Portal Projectile        Hex/Tloc       96%        N/A       2%          3
 Olgreb's Toxic Radiance  Pois           60%        N/A       2%          4
 Call Canine Familiar     Summ           43%        N/A       3%          3
 Confusing Touch          Hex            43%        N/A       3%          3
 Frozen Ramparts          Ice            86%        1d13      3%          3
 Ozocubu's Armour         Ice            43%        N/A       3%          3
 Summon Guardian Golem    Hex/Summ       43%        N/A       3%          3
 Tukima's Dance           Hex            43%        N/A       3%          3
 Vampiric Draining        Necr           43%        2d9       3%          3
 Airstrike                Air            29%        2d(5-21)  3%          4
 Manifold Assault         Tloc           52%        N/A       6%          4
 Passage of Golubria      Tloc           52%        N/A       6%          4
 Summon Lightning Spire   Summ/Air       52%        N/A       6%          4
 Ice Form                 Ice/Tmut       46%        N/A       10%         4
 Anguish                  Hex/Necr       21%        N/A       12%         4
 Animate Dead             Necr           43%        N/A       12%         4
 Cause Fear               Hex            21%        N/A       12%         4
 Dispel Undead            Necr           43%        3d17      12%         4
 Summon Ice Beast         Ice/Summ       43%        N/A       12%         4
 Alistair's Intoxication  Tmut/Pois      36%        N/A       13%         5
 Spellforged Servitor     Conj/Summ      52%        N/A       14%         7
 Silence                  Hex/Air        26%        N/A       19%         5
 Blade Hands              Tmut           25%        N/A       22%         5
 Summon Forest            Summ/Tloc      24%        N/A       24%         5
 Yara's Violent Unravell  Hex/Tmut       23%        3d10      26%         5
 Agony                    Necr           43%        N/A       32%         5
 Metabolic Englaciation   Hex/Ice        21%        N/A       32%         5
 Summon Mana Viper        Hex/Summ       43%        N/A       32%         5
 Plasma Beam              Fire/Air       30%        2x1d47    41%         6
 Eringya's Noxious Bog    Tmut/Pois      27%        N/A       58%         6
 Dispersal                Tloc           26%        N/A       67%         6
 Death Channel            Necr           21%        N/A       88%         6
 Simulacrum               Ice/Necr       21%        N/A       88%         6
 Summon Cactus Giant      Summ           21%        N/A       88%         6
 Storm Form               Tmut/Air       27%        N/A       99%         7
 Enfeeble                 Hex            21%        N/A       100%        7
 Haunt                    Necr/Summ      21%        N/A       100%        7
 Malign Gateway           Summ/Tloc      24%        N/A       100%        7
 Monstrous Menagerie      Summ           21%        N/A       100%        7
 Ozocubu's Refrigeration  Ice            21%        4d12      100%        7
 Summon Hydra             Summ           21%        N/A       100%        7
 Borgnjor's Revivificati  Necr           21%        N/A       100%        8
 Discord                  Hex            21%        N/A       100%        8
 Disjunction              Tloc           26%        N/A       100%        8
 Ignition                 Fire           31%        3d10      100%        8
 Infestation              Necr           21%        N/A       100%        8
 Maxwell's Capacitive Co  Air            29%        ∞         100%        8
 Necromutation            Tmut/Necr      23%        N/A       100%        8
 Summon Horrible Things   Summ           21%        N/A       100%        8
 Chain Lightning          Conj/Air       55%        3d73      100%        9
 Dragon's Call            Summ           21%        N/A       100%        9
 Fire Storm               Conj/Fire      55%        8d14      100%        9
 Polar Vortex             Ice            21%        N/A       100%        9


Dungeon Overview and Level Annotations

Branches:
Dungeon (15/15)            Temple (0/1) D:6            Lair (5/5) D:10
 Shoals (4/4) Lair:2        Snake (4/4) Lair:2        Slime (0/5) Lair:5
    Orc (2/2) D:12            Elf (3/3) Orc:2        Vaults (5/5) D:13
  Crypt (3/3) Vaults:2       Tomb (0/3) Crypt:3      Depths (4/4) D:15
    Zot (5/5) Depths:4    Ossuary (visited)         Desolation (visited)

Altars:
Cheibriados
Dithmenos
Fedhas
Gozag
Kikubaaqudgha
Makhleb
Nemelex Xobeh
Okawaru
Qazlal
Ru
Sif Muna
Trog
Uskayaw
Wu Jian
Xom
Yredelemnul
Zin
The Shining One

Shops:
D:4 :   D:8 =   D:9 [   Orc:2 !*[:   Elf:3 (   Snake:1 [:   Vaults:2 (
Vaults:5 [   Zot:1 *

Portals:
Hell: Depths:1 Depths:2 Depths:3 Depths:4
Abyss: Lair:4 Depths:1 Depths:3
Pandemonium: Depths:2
Ziggurat: Depths:1
Trove: D:10 (give 7 scrolls of blinking)

Annotations:
Vaults:2 dig, 1 exclusion
Zot:5 2 transporters, Buqaf's ghost, master GnWn


Innate Abilities, Weirdness & Mutations

Your mind is acute. (Int +4, Str/Dex -1)
You passively map a small area around you.
You occasionally lose the ability to drink potions when taking damage.


Message History

You see here a +0 flail.
You see here a +0 flail.
Things that are here:
a +0 ring mail; a +0 spear
There is a stone staircase leading up here.
You climb upwards.
There is a stone staircase leading down here.
There is a stone staircase leading up here.
You climb upwards.
There is a stone staircase leading down here.
There is a stone staircase leading up here.
You climb upwards.
There is a stone staircase leading down here.
There is an open door here.
There is a stone staircase leading up here.
You climb upwards.
There is a stone staircase leading down here.
There is a stone staircase leading up here.
You climb upwards.
There is a stone staircase leading down here.
An Orb Guardian comes into view.
Casting: Lehudib's Crystal Spear (dangerous; 1% risk of failure)
Confirm with . or Enter, or press ? or * to list all spells.
Aiming: Lehudib's Crystal Spear (dangerous; 1% risk of failure)
Press: ? - help, Shift-Dir - straight line, f - Orb Guardian
Aim: an Orb Guardian (79% to hit)
You feel a surge of power!
The crystal spear hits the Orb Guardian!!!!
You kill the Orb Guardian!
Sif Muna accepts your kill.
(D) Dungeon (T) Temple (L) Lair (A) Shoals (P) Snake Pit (M) Slime Pits (O) Orcish Mines (E) Elven Halls (V) Vaults (C) Crypt (W) Tomb (U) Depths (H) Hell (Z) Zot
Where to? (Enter - D:1 @ (x,y), ? - help)
A rust devil comes into view.
The rust devil screeches!
There is a large open door here.
There is a staircase leading out of the dungeon here.
You have escaped!

...#############.####.######.#...
................................>
#####......#####.####.######.#...
#..#########.# #.# #.#...
#............# #.# #.#...
#####.############ #.######.#..#
#...#.# #............ #.#+#+###
##############..... ........#
#.@..# ** #..... #.......# ~~
#....# #.#...
+.......#######488.###### #.#...
#...........♣.#....#♣...####.#..)
#......†......##''##♣.#...##.#...
#.......#####.........#...##.#...
........# ##.####..........#...
........# #..............##...
........# ######.........##...


You could see a rust devil.

Vanquished Creatures
  7 dread liches
  2 ancient liches
  6 orbs of fire
  Mara (Depths:2)
  Vv (Depths:2)
  Boris (Depths:3)
  5 Killer Klowns
  Margery (Crypt:2)
  Josephina (Crypt:1)
  Xtahua (Crypt:1)
  Bai Suzhen (Vaults:5)
  2 curse toes (Zot:2)
  11 golden dragons
  5 caustic shrikes
  Jory (Crypt:1)
  3 electric golems
  2 Tzitzimimeh
  A shard shrike zombie (Crypt:1)
  2 doom hounds
  A hellephant (D:8)
  Jorgrun (Shoals:1)
  Zenata (Crypt:3)
  Rupert (D:13)
  17 tentacled monstrosities
  28 Orb Guardians
  Mlioglotl (Shoals:3)
  A shard shrike skeleton (Crypt:1)
  A walking divine tome (Depths:3)
  8 liches
  A walking frostbound tome (Depths:2)
  Grunn (Depths:2)
  4 titans
  A deep elf blademaster (Elf:3)
  A deep elf master archer (Elf:3)
  10 quicksilver dragons
  The ghost of Ullipcorian the Executioner, an adept HOFi of Okawaru (Shoals:2)
  A kraken (Shoals:2)
  Frances (Shoals:1)
  Agnes (D:15)
  12 death cobs
  3 sphinxes
  Polyphemus (Shoals:4)
  13 shadow dragons
  3 ancient champions
  6 tengu reavers
  14 nagarajas (Snake:4)
  19 storm dragons
  11 fire giants
  Ilsuiw (Shoals:2)
  3 revenants
  8 draconian monks
  5 deep elf sorcerers (Elf:3)
  14 vault wardens
  10 draconian knights
  4 iron dragons
  9 frost giants
  12 draconian scorchers
  Aizul (Snake:2)
  A balrug (D:6)
  Louise (D:14)
  The ghost of scisormetimb3rs the Grappler, a journeyman TrFi of Jiyva (Lair:5)
  3 imperial myrmidons (Desolation)
  10 draconian shifters
  An orc warlord (Orc:2)
  3 curse skulls
  4 ghost moths
  A cacodemon (Zot:5)
  A spectral juggernaut (Crypt:3)
  11 ghouls
  2 spriggan defenders
  21 ironbound preservers
  8 draconian stormcallers
  3 deep elf elementalists (Elf:3)
  9 draconian annihilators
  26 stone giants
  7 war gargoyles
  15 very ugly things
  6 ironbound thunderhulks
  The ghost of LordJstr the Fighter, a journeyman HOFi of Beogh (Lair:4)
  23 green draconians
  12 vampire knights
  A stone giant (shapeshifter) (Depths:4)
  Nessos (D:13)
  4 deep elf annihilators (Elf:3)
  14 purple draconians
  13 red draconians
  18 white draconians
  14 black draconians
  10 spark wasps
  A halazid warlock (Desolation)
  7 deep elf demonologists
  3 dire elephants
  14 yellow draconians
  10 eidola
  10 fire dragons
  10 deep elf death magi
  A green death (Depths:2)
  6 deep elf high priests
  A mummy priest (Crypt:3)
  5 ragged hierophants (Desolation)
  11 ettins
  6 merfolk javelineers
  12 yaktaur captains
  6 merfolk impalers
  7 great orbs of eyes
  An entropy weaver (shapeshifter) (D:14)
  3 entropy weavers
  7 jiangshi
  5 hydras
  36 vault guards
  5 merfolk avatars
  9 anacondas
  8 ogre magi
  10 ironbound frosthearts
  12 peacekeepers
  3 salamander tyrants (Snake:4)
  8 servants of whispers (Desolation)
  6 ice dragons
  6 two-headed ogres
  20 centaur warriors
  A boulder beetle (Vaults:3)
  2 catoblepae
  An anaconda (shapeshifter) (Elf:3)
  10 spriggan air magi
  An Orb Guardian zombie (Crypt:1)
  38 dancing weapons
  4 death knights
  7 merfolk aquamancers (Shoals:4)
  2 alligator snapping turtles (Shoals:4)
  5 rakshasas
  3 satyrs
  2 deep troll shamans
  11 deep troll earth magi
  7 orc high priests
  8 death yaks
  3 hell hogs (Depths:1)
  7 vampire magi
  21 naga warriors
  8 tengu warriors
  16 naga sharpshooters
  A spectral dire elephant (Crypt:3)
  5 spriggan berserkers (Depths:2)
  5 shock serpents
  5 sun demons
  4 soul eaters
  20 deep elf knights
  21 shadow wraiths
  A goliath frog (shapeshifter) (D:13)
  5 hell knights
  A shock serpent (shapeshifter) (D:15)
  2 sixfirhies (Zot:5)
  A salamander mystic (Snake:4)
  7 skeletal warriors
  5 skysharks
  Amaemon (Lair:3)
  A bunyip zombie (Crypt:2)
  6 iron trolls
  4 naga ritualists
  48 deep trolls
  9 sea snakes
  4 glowing orange brains
  3 shadow demons (Depths:3)
  A spectral anaconda (Crypt:3)
  6 flayed ghosts
  4 bog bodies
  A golden dragon skeleton (Crypt:2)
  An obsidian statue (Zot:5)
  28 ironbound convokers
  5 wizards
  21 harpies
  An orange crystal statue (Zot:5)
  13 deep elf archers
  30 deep elf pyromancers
  30 phantasmal warriors
  A fenstrider witch simulacrum (Crypt:1)
  9 necromancers
  A bunyip skeleton (Crypt:3)
  3 mana vipers
  A steelbarb worm (shapeshifter) (Vaults:5)
  8 orc knights
  A sphinx zombie (Vaults:4)
  34 deep elf zephyrmancers
  7 lindwurms
  9 cyclopes
  29 ugly things
  6 salamanders
  15 manticores
  A salamander (shapeshifter) (D:15)
  10 fauns
  2 orc sorcerers
  An iron dragon zombie (Crypt:1)
  A shadow dragon skeleton (Crypt:2)
  4 elephants (Lair:3)
  A faun (shapeshifter) (Depths:3)
  A wolf spider (D:15)
  The ghost of bairyn the Ruffian, a novice TrFi (D:5)
  5 merfolk sirens
  28 moths of wrath
  11 guardian serpents
  A stone giant skeleton (Vaults:4)
  9 naga magi
  22 black mambas
  An alligator snapping turtle zombie (Crypt:3)
  24 vault sentinels
  A molten gargoyle (Desolation)
  7 cane toads
  An emperor scorpion simulacrum (Crypt:3)
  10 water nymphs
  2 orange demons
  3 gargoyles
  A minotaur zombie (Crypt:1)
  4 kobold demonologists
  An unseen horror (shapeshifter) (D:15)
  A rime drake (Lair:5)
  An efreet (D:14)
  An unseen horror (D:12)
  8 komodo dragons
  3 yaktaurs (shapeshifter)
  2 tengu conjurers
  17 freezing wraiths
  26 yaktaurs
  An alligator snapping turtle skeleton (Crypt:3)
  6 guardian mummies (Crypt:3)
  A sea snake skeleton (Crypt:3)
  A harpy zombie (Crypt:3)
  A red draconian skeleton (Crypt:1)
  An ancient zyme (Lair:4)
  8 trolls
  21 merfolk
  9 wind drakes
  3 hornets
  13 blink frogs
  11 polar bears
  2 hellwings
  A mana viper skeleton (Crypt:3)
  57 saltlings (Desolation)
  2 raiju
  3 snapping turtles
  33 dream sheep
  A boulder beetle zombie (Crypt:2)
  A harpy skeleton (Crypt:3)
  24 slime creatures
  A black mamba zombie (Crypt:3)
  9 air elementals
  A stone giant simulacrum (Crypt:2)
  A fire dragon skeleton (Crypt:2)
  5 spriggans
  A slime creature (shapeshifter) (Elf:2)
  A jumping spider (shapeshifter) (Depths:3)
  A centaur simulacrum (D:15)
  9 flying skulls (Crypt:3)
  12 wraiths
  24 water elementals
  Sigmund (D:4)
  6 shadows (Crypt:3)
  An ettin skeleton (Vaults:3)
  45 yaks
  4 wyverns
  5 fire elementals
  An elf zombie (Vaults:4)
  A dire elephant simulacrum (Crypt:1)
  A naga simulacrum (Crypt:1)
  A fire bat (shapeshifter) (Elf:1)
  16 humans (D:13)
  3 basilisks
  A chaos spawn (Depths:2)
  4 steam dragons
  Eustachio (D:4)
  3 redbacks
  6 vampire mosquitoes
  Menkaure (Ossuary)
  A harpy simulacrum (Crypt:1)
  A swamp worm (shapeshifter) (D:13)
  10 wargs
  26 nagas
  An acid dragon (D:8)
  10 water moccasins
  A naga zombie (Crypt:2)
  3 floating eyes
  19 hell hounds
  A two-headed ogre skeleton (Crypt:2)
  A sky beast (D:7)
  3 ettin simulacra (Depths:1)
  36 orc warriors
  2 ice beasts
  12 black bears
  16 wolves (Lair:5)
  A black mamba simulacrum (Crypt:1)
  A snapping turtle zombie (Crypt:3)
  A boggart (Lair:5)
  14 centaurs
  20 ogres
  2 phantoms
  3 kobold brigands
  6 bullfrogs
  2 scorpions
  5 earth elementals
  3 necrophages
  An elf skeleton (Crypt:1)
  A gnoll sergeant (D:6)
  A troll zombie (Ossuary)
  11 killer bees
  2 human simulacra (Vaults:3)
  An electric eel (D:13)
  5 howler monkeys
  4 centaur zombies (Ossuary)
  4 lava snakes (Lair:2)
  32 orc priests
  4 jellies
  2 hounds (D:7)
  4 human zombies
  5 gnoll boudas
  A sleepcap (D:7)
  Crazy Yiuf (D:2)
  6 iguanas
  29 orc wizards
  2 hell rats
  2 ogre zombies
  An acid dragon skeleton (Crypt:1)
  A hound zombie (Crypt:1)
  7 mummies
  Robin (D:3)
  18 gnolls
  A swamp drake zombie (Crypt:2)
  6 adders
  10 river rats (Lair:5)
  A steam dragon skeleton (Crypt:1)
  2 white imps
  An ufetubus (D:6)
  6 adder zombies (Ossuary)
  A jelly zombie (Crypt:2)
  A worm (D:4)
  A dart slug (D:3)
  99 orcs
  10 ball pythons
  8 bats
  8 endoplasms
  7 giant cockroaches
  16 goblins
  4 hobgoblins
  17 kobolds
  5 quokkas
  2 ball python zombies
  5 frilled lizards
  3 goblin zombies (Ossuary)
  4 hobgoblin zombies
  3 kobold zombies (Ossuary)
  An orc zombie (D:6)
  3 quokka zombies (Ossuary)
  8 rats
  A rat skeleton (Crypt:3)
  6 rat zombies (Ossuary)
  15 butterflies (Vaults:1)
  2 tentacles (Shoals:2)
2542 creatures vanquished.

Vanquished Creatures (collateral kills)
  A caustic shrike (Depths:4)
  Nikola (Shoals:1)
  Donald (Crypt:2)
  A vampire knight (Vaults:3)
  Urug (D:13)
  A polar bear (Lair:5)
  A warg (Orc:2)
  A black bear (Lair:5)
8 creatures vanquished.

Vanquished Creatures (others)
  A ghost moth (Zot:3)
  A moth of wrath (Zot:1)
  11 tentacles (Shoals:2)
13 creatures vanquished.

Grand Total: 2563 creatures vanquished

Notes
Turn   | Place    | Note
-------+----------+-------------------------------------------
     0 | D:1      | LordWeiramon the Deep Elf Earth Elementalist began the
                  | quest for the Orb.
     0 | D:1      | Reached XP level 1. HP: 10/10 MP: 6/6
   388 | D:1      | Reached XP level 2. HP: 15/15 MP: 8/8
   952 | D:2      | You fall into a shaft and drop 1 floor!
  1142 | D:2      | Found a snail-covered altar of Cheibriados.
  1238 | D:2      | Reached XP level 3. HP: 19/19 MP: 9/9
  1314 | D:2      | Learned a level 3 spell: Stone Arrow
  1481 | D:2      | Reached skill level 5 in Earth Magic
  1930 | D:3      | Reached skill level 1 in Conjurations
  2117 | D:3      | Reached XP level 4. HP: 24/24 MP: 10/10
  2282 | D:4      | Found Vued's Book Shoppe.
  2379 | D:4      | Noticed Eustachio
  2655 | D:3      | Reached XP level 5. HP: 28/28 MP: 11/11
  2824 | D:2      | Found a runed translucent door.
  2825 | D:2      | Noticed Crazy Yiuf
  2951 | D:3      | Noticed Robin
  3178 | D:3      | Killed Robin
  3294 | D:4      | Noticed Sigmund
  3351 | D:4      | Reached XP level 6. HP: 32/32 MP: 15/15
  3392 | D:3      | Learned a level 2 spell: Passwall
  3466 | D:4      | Found an ornate altar of the Wu Jian Council.
  3472 | D:4      | Reached skill level 5 in Spellcasting
  3654 | D:5      | Entered Level 5 of the Dungeon
  3709 | D:5      | Reached skill level 5 in Conjurations
  3719 | D:5      | Reached XP level 7. HP: 36/36 MP: 18/18
  3981 | D:5      | Found a hide-covered altar of Uskayaw.
  3984 | D:5      | Found an iron altar of Okawaru.
  3987 | D:5      | Found a burning altar of Makhleb.
  4017 | D:5      | Found a snail-covered altar of Cheibriados.
  4339 | D:5      | Found a shimmering blue altar of Sif Muna.
  4374 | D:5      | Found a sacrificial altar of Ru.
  4403 | D:5      | Became a worshipper of Sif Muna the Loreminder
  4539 | D:5      | Noticed bairyn's ghost (novice TrFi)
  4539 | D:5      | Identified the +9 dire flail "Usuwupp" {flame, SInv}
  4540 | D:5      | Found a transporter.
  4541 | D:5      | Found a transporter.
  4833 | D:6      | Found a sand-covered staircase.
  4847 | Ossuary  | Entered an ossuary
  5011 | Ossuary  | Reached * piety under Sif Muna
  5024 | Ossuary  | Reached XP level 8. HP: 41/41 MP: 22/22
  5159 | Ossuary  | Reached skill level 1 in Fighting
  5379 | Ossuary  | Noticed Menkaure
  5387 | Ossuary  | Killed Menkaure
  5388 | Ossuary  | Reached skill level 5 in Dodging
  5568 | D:6      | Learned a level 3 spell: Mephitic Cloud
  6016 | D:6      | Reached ** piety under Sif Muna
  6130 | D:6      | Found a staircase to the Ecumenical Temple.
  6163 | D:6      | Reached XP level 9. HP: 47/47 MP: 23/23
  6452 | D:4      | Killed Sigmund
  6719 | D:4      | Killed Eustachio
  6720 | D:4      | Reached skill level 10 in Dodging
  7878 | D:8      | Reached skill level 5 in Fighting
  7886 | D:8      | Found Beoru's Jewellery Shoppe.
  8038 | D:8      | Learned a level 8 spell: Lehudib's Crystal Spear
  8228 | D:8      | Reached XP level 10. HP: 59/59 MP: 25/25
  8317 | D:8      | Reached skill level 10 in Spellcasting
  8379 | D:8      | Found an opulent altar of Gozag.
  8462 | D:8      | Reached skill level 1 in Armour
  8480 | D:8      | Reached *** piety under Sif Muna
  8581 | D:8      | Noticed a purple ugly thing
  8587 | D:8      | Killed a purple ugly thing
  9165 | D:8      | Reached skill level 5 in Armour
  9578 | D:9      | Found a stormy altar of Qazlal.
  9593 | D:9      | Found a sparkling altar of Nemelex Xobeh.
  9846 | D:9      | Reached skill level 1 in Poison Magic
  9850 | D:9      | Reached skill level 1 in Air Magic
  9896 | D:9      | Found Lurocyeth's Armour Boutique.
  9921 | D:9      | Reached **** piety under Sif Muna
 10296 | D:9      | Found a shimmering altar of Xom.
 10324 | D:9      | Identified the +6 dagger "Doupt" {spect, Str+3 Int+7}
 10693 | D:2      | Killed Crazy Yiuf
 10694 | D:2      | Reached XP level 11. HP: 63/63 MP: 27/27
 10873 | D:10     | Entered Level 10 of the Dungeon
 10961 | D:10     | Identified the +0 scale mail "Buxkeral" {+Inv}
 11019 | D:10     | Noticed a two-headed ogre
 11026 | D:10     | Killed a two-headed ogre
 11083 | D:10     | Found a portal to a secret trove of treasure.
 11361 | D:10     | Found a staircase to the Lair.
 12004 | D:11     | Noticed a two-headed ogre
 12014 | D:11     | Killed a two-headed ogre
 12458 | D:11     | Found a gate leading to a gauntlet.
 12714 | Lair:1   | Entered Level 1 of the Lair of Beasts
 13104 | Lair:1   | Reached ***** piety under Sif Muna
 13545 | Lair:2   | Found a staircase to the Shoals.
 13680 | Lair:2   | Received a gift from Sif Muna
 13681 | Lair:2   | Got Sif Muna's Secrets of Orientation and the Coals {god
                  | gift}
 13762 | Lair:2   | Reached XP level 12. HP: 65/68 MP: 30/30
 14156 | Lair:2   | Found a staircase to the Snake Pit.
 14702 | Lair:3   | Noticed a death yak
 14702 | Lair:3   | Noticed a death yak
 14703 | Lair:3   | Noticed a death yak
 14816 | D:8      | Bought the amulet of the Four Winds {rN+ Will+++ Clar} for
                  | 849 gold pieces
 14816 | D:8      | Found the amulet of the Four Winds {rN+ Will+++ Clar}
 14966 | Lair:3   | Noticed a six-headed hydra
 15019 | Lair:3   | Noticed a catoblepas
 15022 | Lair:3   | Killed a six-headed hydra
 15028 | Lair:3   | Killed a catoblepas
 15430 | Lair:3   | Noticed a six-headed hydra
 15488 | Lair:3   | Noticed a death yak
 15503 | Lair:3   | Killed a death yak
 15650 | Lair:3   | Noticed a death yak
 15658 | Lair:2   | Killed a death yak
 15842 | Lair:3   | Noticed Amaemon
 15929 | Lair:3   | Reached skill level 10 in Armour
 16360 | Lair:3   | Noticed a death yak
 16490 | Lair:2   | Killed a death yak
 16568 | Lair:3   | Killed a six-headed hydra
 16754 | Lair:3   | Killed a death yak
 16943 | Lair:3   | Killed a death yak
 16949 | Lair:3   | Killed a death yak
 17195 | Lair:4   | Reached XP level 13. HP: 72/72 MP: 31/31
 17670 | Lair:4   | Reached skill level 15 in Dodging
 18103 | Lair:4   | Found a one-way gate to the infinite horrors of the Abyss.
 18103 | Lair:4   | Noticed LordJstr's ghost (journeyman HOFi)
 18217 | Lair:4   | Found a transporter.
 18226 | Lair:4   | Found a transporter.
 18375 | Lair:5   | Entered Level 5 of the Lair of Beasts
 19456 | Lair:5   | Reached skill level 15 in Spellcasting
 19480 | Lair:5   | Reached skill level 1 in Evocations
 19483 | Lair:5   | Reached skill level 1 in Staves
 19487 | Lair:5   | Received a gift from Sif Muna
 19488 | Lair:5   | Got Sif Muna's Papyrus of Metamorphic Injury {god gift}
 19686 | Lair:5   | Found a runed translucent door.
 19709 | Lair:5   | Noticed scisormetimb3rs's ghost (journeyman TrFi)
 19710 | Lair:5   | Identified the +10 trident "Omiec" {freeze, rF+ Int+3 SInv}
 19795 | Lair:5   | Learned a level 1 spell: Magic Dart
 20493 | Lair:5   | Found a staircase to the Slime Pits.
 20940 | Lair:5   | Reached skill level 5 in Evocations
 21360 | Lair:5   | Reached skill level 5 in Staves
 21569 | Lair:5   | Reached XP level 14. HP: 78/78 MP: 35/35
 22476 | Lair:5   | Received a gift from Sif Muna
 22477 | Lair:5   | Got Sif Muna's Almanac of Dislocated Curses {god gift}
 22616 | Lair:5   | Reached skill level 10 in Conjurations
 23133 | D:8      | Bought a ring of flight for 245 gold pieces
 23396 | D:5      | Killed bairyn's ghost
 23807 | D:12     | Found a staircase to the Orcish Mines.
 23993 | D:12     | Found the necklace of Bloodlust {Fury *Rage Will++ Int-3
                  | Slay+6}
 25214 | D:13     | Noticed Rupert
 25214 | D:13     | Noticed Urug
 25214 | D:13     | Noticed Nessos
 25214 | D:13     | Found a gate to the Vaults.
 25698 | D:13     | Killed Rupert
 26125 | D:13     | Learned a level 1 spell: Apportation
 26327 | D:13     | Killed Urug
 26349 | D:13     | Killed Nessos
 26934 | D:13     | Found a blossoming altar of Fedhas.
 27978 | D:8      | Bought a ring of poison resistance for 280 gold pieces
 28129 | D:14     | Noticed Louise
 28185 | D:14     | Killed Louise
 28515 | D:14     | Identified the +0 chain mail "Xualitsuich" {rElec rF+}
 28690 | D:14     | Received a gift from Sif Muna
 28832 | D:14     | Reached XP level 15. HP: 61/86 MP: 15/36
 29261 | D:13     | Identified the +0 leather armour of Hexil {Will+ Stlth+}
 29713 | D:15     | Entered Level 15 of the Dungeon
 30322 | D:15     | Reached skill level 15 in Conjurations
 30475 | D:15     | Reached XP level 16. HP: 92/92 MP: 37/37
 31317 | D:15     | Noticed Agnes
 31328 | D:15     | Killed Agnes
 31687 | Orc:1    | Entered Level 1 of the Orcish Mines
 31894 | Orc:2    | Entered Level 2 of the Orcish Mines
 31898 | Orc:2    | Gained mutation: Your spells are a little easier to cast,
                  | but a little less powerful. [a neqoxec]
 31911 | Orc:2    | Found a staircase to the Elven Halls.
 33512 | Orc:1    | Received a gift from Sif Muna
 33515 | Orc:1    | Got Onlelat's Quarto of Combustive Cold {god gift}
 33522 | Orc:1    | Learned a level 5 spell: Fireball
 33666 | Orc:2    | Reached skill level 1 in Fire Magic
 36167 | Orc:2    | Found Zobad's Book Boutique.
 36167 | Orc:2    | Found Plog's Antique Armour Boutique.
 36168 | Orc:2    | Found Lomoxaun's General Store.
 36168 | Orc:2    | Found Donwian's Distillery.
 36176 | Orc:2    | Bought a scroll of enchant armour for 97 gold pieces
 36176 | Orc:2    | Bought a scroll of fear for 52 gold pieces
 36199 | Orc:2    | Bought a potion of flight for 48 gold pieces
 36199 | Orc:2    | Bought a potion of brilliance for 64 gold pieces
 36199 | Orc:2    | Bought a potion of heal wounds for 80 gold pieces
 36199 | Orc:2    | Bought 2 potions of heal wounds for 160 gold pieces
 36199 | Orc:2    | Bought 2 potions of curing for 96 gold pieces
 36201 | Orc:2    | Bought a scroll of magic mapping for 97 gold pieces
 36405 | Shoals:1 | Entered Level 1 of the Shoals
 36411 | Shoals:1 | Noticed Nikola
 36422 | Shoals:1 | Killed Nikola
 36543 | Shoals:1 | Received a gift from Sif Muna
 36552 | Shoals:1 | Learned a level 6 spell: Iron Shot
 37011 | Shoals:1 | Noticed Jorgrun
 37059 | Shoals:1 | Found the +12 pair of quick blades "Gyre" and "Gimble"
                  | {protect}
 37074 | Shoals:1 | Noticed Frances
 37596 | Shoals:1 | Learned a level 7 spell: Orb of Destruction
 37714 | Shoals:1 | Reached XP level 17. HP: 99/99 MP: 25/39
 38044 | Shoals:2 | Noticed Ullipcorian's ghost (adept HOFi)
 38069 | Shoals:2 | Found a runed translucent door.
 38269 | Shoals:2 | Noticed Ilsuiw
 38276 | Shoals:2 | Killed Ilsuiw
 38277 | Shoals:2 | Noticed a kraken
 38685 | Shoals:2 | Killed a kraken
 40195 | Shoals:3 | Noticed Mlioglotl
 40291 | Shoals:3 | Received a gift from Sif Muna
 40772 | Shoals:3 | Identified the +8 dagger of Change {elec, *Slow rPois rC+
                  | Dex+8}
 41271 | Shoals:1 | Killed Jorgrun
 41464 | Shoals:1 | Killed Frances
 41465 | Shoals:1 | Reached skill level 5 in Invocations
 42051 | Shoals:3 | Identified the +5 flail of Cheibriados's Hope {flame,
                  | Stlth+}
 42357 | Shoals:3 | Killed Mlioglotl
 42515 | Shoals:4 | Entered Level 4 of the Shoals
 42661 | Shoals:4 | Identified the amulet of Miuqydo {Acrobat -Tele Rampage
                  | Drain rN+++ Regen+}
 42682 | Shoals:4 | Paralysed by an air elemental for 1 turns
 43860 | Shoals:4 | Found a hide-covered altar of Uskayaw.
 43867 | Shoals:4 | Noticed Polyphemus
 43883 | Shoals:4 | Received a gift from Sif Muna
 43884 | Shoals:4 | Got Penozaar's Thoughts on Damaging Malisons {god gift}
 44858 | Shoals:4 | Reached skill level 10 in Invocations
 45318 | Shoals:4 | Paralysed by an air elemental for 1 turns
 46149 | Shoals:4 | Reached XP level 18. HP: 106/106 MP: 27/40
 46210 | Shoals:4 | Killed Polyphemus
 46546 | Shoals:4 | Got a barnacled rune of Zot
 46907 | D:4      | Bought a book of Spatial Translocations for 180 gold pieces
 46910 | D:4      | Learned a level 2 spell: Blink
 47596 | Shoals:2 | Killed Ullipcorian's ghost
 47597 | Shoals:2 | Reached skill level 1 in Translocations
 47862 | Lair:3   | Killed Amaemon
 48106 | Lair:4   | Reached skill level 10 in Fighting
 48155 | Lair:4   | Killed LordJstr's ghost
 48638 | Lair:5   | Killed scisormetimb3rs's ghost
 49078 | D:15     | Found a staircase to the Depths.
 49296 | D:9      | Bought a +0 pair of boots of stealth for 161 gold pieces
 49442 | Snake:1  | Entered Level 1 of the Snake Pit
 49883 | Snake:1  | Found Xeoj's Antique Armour Emporium.
 50470 | Snake:1  | Found Ybif's Book Shop.
 51418 | Snake:2  | Noticed Aizul
 51424 | Snake:2  | Killed Aizul
 53714 | Snake:3  | Received a gift from Sif Muna
 53719 | Snake:3  | Got Sif Muna's Precepts of the Vehement Caves {god gift}
 54462 | Snake:4  | Entered Level 4 of the Snake Pit
 54467 | Snake:4  | Reached skill level 1 in Shields
 56170 | Snake:4  | Reached skill level 5 in Shields
 57631 | Snake:4  | Reached XP level 19. HP: 112/112 MP: 20/41
 58839 | Snake:4  | Got a serpentine rune of Zot
 59253 | Vaults:1 | Entered Level 1 of the Vaults
 59610 | Elf:1    | Entered Level 1 of the Elven Halls
 59794 | Elf:1    | Found a crumbling gateway.
 59830 | Desolati | Entered the Desolation of Salt
 60584 | Desolati | Reached skill level 10 in Shields
 61499 | Desolati | Identified the ring "Ymixobbe" {*Slow rN+ Int+6 Slay+4}
 61600 | Desolati | Identified the ring of the Priest {rElec rCorr Str+6 Int-4
                  | Dex+4}
 62083 | Desolati | Got the Atlas of Glamour
 62223 | Desolati | Identified the staff of conjuration "Ycusueshraa" {Dex+2
                  | SInv}
 62231 | Desolati | Found the +5 Storm Queen's Shield {shock, Fly rElec}
 62817 | Desolati | Got Mafi's Compendium of Heavy Displacement
 62823 | Desolati | Got Faiceann's Directory of Star-crossed Accompaniment
 62826 | Desolati | Identified the +1 glaive "Laut" {protect, Str+2}
 62859 | Desolati | Got the Incunable of Imprecation and the Coals
 64051 | Elf:1    | Received a gift from Sif Muna
 64053 | Elf:1    | Got Sif Muna's Folio of the Barrage {god gift}
 65268 | Elf:2    | Reached XP level 20. HP: 117/117 MP: 30/42
 66464 | Elf:2    | Found a runed translucent gate.
 66465 | Elf:2    | Found a runed translucent gate.
 66465 | Elf:2    | Found a runed translucent gate.
 66790 | Elf:3    | Entered Level 3 of the Elven Halls
 67496 | Elf:3    | Found Atroguat's Weapon Emporium.
 68095 | Elf:3    | Upgraded the game from 0.30.1-4-g462c640d31 to
                  | 0.30.1-5-ged363bc7ee
 68168 | Elf:3    | Received a gift from Sif Muna
 68169 | Elf:3    | Got Sif Muna's Monograph on Transformed Evil {god gift}
 68809 | Elf:3    | Identified the +6 spear "Pilite" {freeze, Str-2 Dex+7}
 69122 | Elf:3    | Identified the +7 double sword of Pacate Tolan {pain, Will+
                  | Dex+3}
 69435 | Elf:3    | Identified the +5 pair of gloves of the Maze {rF- rN+
                  | Slay+3}
 69445 | Elf:3    | Identified the staff of conjuration "Vischoh" {+Blink}
 69453 | Elf:3    | Identified the staff of poison "Vedaic" {rPois rCorr SInv}
 70799 | Vaults:1 | Found a huge runed gate.
 70800 | Vaults:1 | Found a huge runed gate.
 70800 | Vaults:1 | Found a huge runed gate.
 70800 | Vaults:1 | Found a huge runed gate.
 70800 | Vaults:1 | Found a huge runed gate.
 70800 | Vaults:1 | Found a huge runed gate.
 70800 | Vaults:1 | Found a huge runed gate.
 70800 | Vaults:1 | Found a huge runed gate.
 70802 | Vaults:1 | Found a huge runed gate.
 70802 | Vaults:1 | Found a huge runed gate.
 70802 | Vaults:1 | Found a huge runed gate.
 70802 | Vaults:1 | Found a huge runed gate.
 70802 | Vaults:1 | Found a huge runed gate.
 70803 | Vaults:1 | Found a huge runed gate.
 70804 | Vaults:1 | Found a huge runed gate.
 70805 | Vaults:1 | Found a huge runed gate.
 70806 | Vaults:1 | Found a huge runed gate.
 70811 | Vaults:1 | Reached skill level 10 in Staves
 70864 | Vaults:1 | Found a huge runed gate.
 70864 | Vaults:1 | Found a huge runed gate.
 70864 | Vaults:1 | Found a huge runed gate.
 70864 | Vaults:1 | Found a huge runed gate.
 70864 | Vaults:1 | Found a huge runed gate.
 70864 | Vaults:1 | Found a huge runed gate.
 70865 | Vaults:1 | Found a huge runed gate.
 70866 | Vaults:1 | Found a huge runed gate.
 70867 | Vaults:1 | Found a huge runed gate.
 70875 | Vaults:1 | Found a huge runed gate.
 70875 | Vaults:1 | Found a huge runed gate.
 70875 | Vaults:1 | Found a huge runed gate.
 70875 | Vaults:1 | Found a huge runed gate.
 70875 | Vaults:1 | Found a huge runed gate.
 70875 | Vaults:1 | Found a huge runed gate.
 70876 | Vaults:1 | Found a huge runed gate.
 70877 | Vaults:1 | Found a huge runed gate.
 70878 | Vaults:1 | Found a huge runed gate.
 70887 | Vaults:1 | Found a huge runed gate.
 72149 | Vaults:2 | Received a gift from Sif Muna
 72437 | Vaults:2 | Reached XP level 21. HP: 122/122 MP: 30/43
 74017 | Vaults:2 | Found Raifedits's Antique Weapon Emporium.
 74241 | Vaults:2 | Found a staircase to the Crypt.
 74241 | Vaults:2 | Found an ancient bone altar of Kikubaaqudgha.
 74248 | Vaults:2 | Reached skill level 10 in Evocations
 74257 | Vaults:2 | Found a basalt altar of Yredelemnul.
 74906 | Vaults:2 | Received a gift from Sif Muna
 74907 | Vaults:2 | Got Plog's Secrets of Freezing {god gift}
 78440 | Vaults:4 | Received a gift from Sif Muna
 78623 | Vaults:4 | Learned a level 5 spell: Lee's Rapid Deconstruction
 79101 | Vaults:4 | Reached XP level 22. HP: 116/127 MP: 37/44
 79350 | Vaults:4 | Learned a level 9 spell: Shatter
 79635 | Vaults:4 | Reached skill level 10 in Earth Magic
 79747 | Vaults:4 | Identified the +2 hat of Qownebo {rF+ rC+ Int+3}
 80607 | Crypt:1  | Entered Level 1 of the Crypt
 80652 | Crypt:1  | Noticed Xtahua
 80659 | Crypt:1  | Killed Xtahua
 81071 | Crypt:1  | Identified the ring of Xom's Best Wishes {Ice Fly Str+2
                  | Dex-5 Stlth+}
 81071 | Crypt:1  | Noticed Josephina
 81084 | Crypt:1  | Killed Josephina
 82352 | Crypt:1  | Received a gift from Sif Muna
 82356 | Crypt:1  | Got Mutaetz's Book of Topological Exhalation {god gift}
 82696 | Crypt:1  | Noticed Jory
 82712 | Crypt:1  | Killed Jory
 82848 | Crypt:1  | Noticed an ancient lich
 82852 | Crypt:1  | Killed an ancient lich
 83722 | Crypt:2  | Noticed Margery
 83749 | Crypt:2  | Killed Margery
 84262 | Crypt:2  | Noticed Donald
 84275 | Crypt:2  | Killed Donald
 85280 | Crypt:3  | Entered Level 3 of the Crypt
 86279 | Crypt:3  | Received a gift from Sif Muna
 86409 | Crypt:3  | Found a staircase to the Tomb.
 86545 | Crypt:2  | Found a basalt altar of Yredelemnul.
 86690 | Crypt:3  | Reached XP level 23. HP: 129/132 MP: 24/51
 87015 | Crypt:3  | Found an ancient bone altar of Kikubaaqudgha.
 87307 | Crypt:3  | Noticed Zenata
 87311 | Crypt:3  | Killed Zenata
 88146 | Crypt:3  | Identified the +5 scale mail "Ophourgh" {Will+ Dex+2}
 88156 | Crypt:3  | Identified the ring "Roreleu" {rElec rF+ rN+ Str+3 Slay-5}
 88158 | Crypt:3  | Identified the ring "Reengud" {rPois rN+ Dex+5}
 88208 | Crypt:3  | Received a gift from Sif Muna
 88210 | Crypt:3  | Got Sif Muna's Parchment of Overcast Rallying {god gift}
 88475 | Crypt:3  | Found a basalt altar of Yredelemnul.
 88479 | Crypt:3  | Identified a scroll of acquirement
 88745 | Crypt:3  | Noticed a dread lich
 88840 | Crypt:3  | Killed a dread lich
 90860 | Depths:1 | Entered Level 1 of the Depths
 90875 | Depths:1 | Found a glowing golden altar of the Shining One.
 91058 | Depths:1 | Found a sacrificial altar of Ru.
 91676 | Depths:1 | Received a gift from Sif Muna
 91951 | Depths:1 | Found a one-way gateway to a ziggurat.
 92290 | Depths:1 | Found a gateway to Hell.
 92443 | Depths:2 | Found a one-way gate leading to the halls of Pandemonium.
 92671 | Depths:2 | Found an opulent altar of Gozag.
 92960 | Depths:2 | Noticed Mara
 92980 | Depths:2 | Killed Mara
 93088 | Depths:2 | Noticed Vv
 93380 | Depths:2 | Noticed Grunn
 93573 | Depths:2 | Killed Grunn
 93674 | Depths:2 | Reached skill level 27 in Spellcasting
 94479 | Depths:2 | Identified the +0 flail of the Sky {flame, rCorr Int+3
                  | Stlth+}
 94482 | Depths:2 | Received a gift from Sif Muna
 94483 | Depths:2 | Got Sif Muna's Essays on Discontinuous Conjuration {god
                  | gift}
 94541 | Depths:2 | Reached XP level 24. HP: 140/140 MP: 39/56
 94731 | Depths:2 | Identified the amulet of Ropy {Spirit Str+6}
 94959 | Depths:2 | Identified the +7 gold dragon scales of the Valley {rPois
                  | rF+ rC+ rN+}
 95451 | Depths:2 | Killed Vv
 95658 | Depths:2 | Identified the +2 chain mail of the Cricket {rN+}
 96201 | Depths:3 | Noticed Boris
 97807 | Depths:3 | Killed Boris
 98365 | Depths:3 | Found a shadowy altar of Dithmenos.
 98366 | Depths:3 | Found the +2 cloak of the Thief {*Fog Slay-2 SInv Stlth+}
 98376 | Depths:3 | Identified the +11 shadow dragon scales of Insecurity
                  | {Str+2 Stlth++++}
 98702 | Depths:3 | Found a glowing silver altar of Zin.
 98838 | Depths:3 | Learned a level 2 spell: Passwall
 98887 | Depths:4 | Entered Level 4 of the Depths
 99115 | Depths:4 | Reached skill level 15 in Earth Magic
 99982 | Depths:4 | Identified the +2 scale mail of the Tuna {rF+}
101462 | Depths:4 | Found a gate to the Realm of Zot.
102158 | Vaults:4 | Acquired the ring of Veeru {Will+ Int+2 Dex+6 Stlth+}
102167 | Vaults:5 | Entered Level 5 of the Vaults
102191 | Vaults:5 | Reached XP level 25. HP: 134/144 MP: 17/56
102258 | Vaults:5 | Received a gift from Sif Muna
102259 | Vaults:5 | Got Sif Muna's Tome of the Wayfarer and the Entourage {god
                  | gift}
102837 | Vaults:5 | Identified the +7 chain mail of Lugonu's Scorn {Will+
                  | Str+3}
102899 | Vaults:5 | Found Zyqasch's Armour Shop.
104457 | Vaults:5 | Got a silver rune of Zot
104468 | Vaults:5 | Got the Dissertation on the Noxious Tundra
105176 | Vaults:5 | Identified the +0 robe of Geugec {Harm Str-4 Dex+10 Stlth-}
105249 | Vaults:5 | Noticed a dread lich
105252 | Vaults:5 | Killed a dread lich
105254 | Vaults:5 | Noticed Bai Suzhen
105268 | Vaults:5 | Killed Bai Suzhen
105269 | Vaults:5 | Noticed a dread lich
105278 | Vaults:5 | Killed a dread lich
105418 | Vaults:5 | Noticed a dread lich
105423 | Vaults:5 | Killed a dread lich
105654 | Vaults:5 | Identified the staff of cold "Xuymen" {rPois rC+ Int+3}
105659 | Vaults:5 | Identified the staff of death "Japtirel" {rN+ Str+3 Dex+4}
105895 | Vaults:5 | Identified the -1 helmet of the Stallion {Harm +Inv rC-}
106236 | Zot:1    | Entered Level 1 of the Realm of Zot
107954 | Zot:1    | Found Noutsosm's CLEARANCE SALE!.
107959 | Zot:1    | Bought a wand of paralysis (3) for 28 gold pieces
107959 | Zot:1    | Bought a potion of invisibility for 32 gold pieces
108433 | Zot:1    | Reached XP level 26. HP: 150/150 MP: 14/56
111376 | Zot:2    | Received a gift from Sif Muna
113596 | Zot:2    | Noticed an orb of fire
113604 | Zot:2    | Killed an orb of fire
115438 | Zot:3    | Reached skill level 27 in Earth Magic
116357 | Zot:3    | Received a gift from Sif Muna
116358 | Zot:3    | Reached XP level 27. HP: 143/155 MP: 7/56
116358 | Zot:3    | Got Deamimim's Handbook of the Transformed Maleficium {god
                  | gift}
117708 | Zot:4    | Reached skill level 15 in Shields
118893 | Zot:5    | Entered Level 5 of the Realm of Zot
119177 | Zot:5    | Found a transporter.
119250 | Zot:5    | Identified the +2 cloak of Wu Jian's Reproof {Str+3 Int+6
                  | Dex-4}
119251 | Zot:5    | Noticed Buqaf's ghost (master GnWn)
119262 | Zot:5    | Found a bloodstained altar of Trog.
119262 | Zot:5    | Identified the +1 cloak of the Loofah {Contam +Blink rPois
                  | rN++}
119269 | Zot:5    | Found a transporter.
119281 | Zot:5    | Found a transporter.
119281 | Zot:5    | Identified the ring "Viedecon" {Fly Int+6 Dex+4}
119511 | Zot:5    | Noticed an orb of fire
119512 | Zot:5    | Noticed a dread lich
119519 | Zot:5    | Killed an orb of fire
119525 | Zot:5    | Killed a dread lich
119675 | Zot:5    | Noticed an orb of fire
119675 | Zot:5    | Gained mutation: You are frail. (-10% HP) [an orb of fire]
119676 | Zot:5    | Gained mutation: Your spells are easier to cast, but less
                  | powerful. [an orb of fire]
119690 | Zot:4    | Gained mutation: You occasionally lose the ability to drink
                  | potions when taking damage. [an orb of fire]
119692 | Zot:4    | Killed an orb of fire
120142 | Zot:5    | Noticed an orb of fire
120143 | Zot:5    | Gained mutation: Your magical capacity is low. (-10% MP)
                  | [an orb of fire]
120144 | Zot:5    | Gained mutation: Your spells are much easier to cast, but
                  | much less powerful. [an orb of fire]
120147 | Zot:5    | Killed an orb of fire
120781 | Zot:5    | Noticed an orb of fire
120787 | Zot:5    | Killed an orb of fire
121056 | Zot:5    | Noticed an orb of fire
121059 | Zot:5    | Killed an orb of fire
121523 | Zot:5    | Noticed a dread lich
121528 | Zot:5    | Killed a dread lich
121784 | Zot:5    | Noticed an ancient lich
121789 | Zot:5    | Killed an ancient lich
122129 | Zot:5    | Identified the +7 chain mail of Henotheism {-Tele Str+4}
122142 | Zot:5    | Noticed a dread lich
122146 | Zot:5    | Killed a dread lich
123697 | Zot:5    | Lost mutation: Your magical capacity is low. (-10% MP)
                  | [potion of mutation]
123697 | Zot:5    | Lost mutation: You are frail. (-10% HP) [potion of
                  | mutation]
123697 | Zot:5    | Lost mutation: Your spells are much easier to cast, but
                  | much less powerful. [potion of mutation]
123697 | Zot:5    | Gained mutation: Your body sometimes deteriorates upon
                  | taking damage. [potion of mutation]
123697 | Zot:5    | Gained mutation: You have sharp toenails. [potion of
                  | mutation]
123698 | Zot:5    | Lost mutation: Your body sometimes deteriorates upon taking
                  | damage. [potion of mutation]
123698 | Zot:5    | Lost mutation: You have sharp toenails. [potion of
                  | mutation]
123698 | Zot:5    | Lost mutation: Your spells are easier to cast, but less
                  | powerful. [potion of mutation]
123698 | Zot:5    | Gained mutation: You have sharp toenails. [potion of
                  | mutation]
123699 | Zot:5    | Lost mutation: You have sharp toenails. [potion of
                  | mutation]
123699 | Zot:5    | Lost mutation: Your spells are a little easier to cast, but
                  | a little less powerful. [potion of mutation]
123699 | Zot:5    | Gained mutation: You passively map a small area around you.
                  | [potion of mutation]
123699 | Zot:5    | Gained mutation: Your mind is acute. (Int +4, Str/Dex -1)
                  | [potion of mutation]
123751 | Zot:5    | Got the Orb of Zot
123813 | Zot:3    | Noticed Gafu the pandemonium lord
124088 | D:8      | Received a gift from Sif Muna
124089 | D:8      | Got Tiwonk's Elucidation of Geomancy and Maleficent Acts
                  | {god gift}
124221 | D:$      | Escaped with the Orb!

Illustrated notes

Levels and vault maps discovered:
D:1:      sevenhm_arrival_forest_fort_small_6, layout_basic
D:2:      layout_basic, basic_altar, uniq_crazy_yiuf_cottage
D:3:      layout_basic, uniq_robin
D:4:      layout_loops_ring, mainiacjoe_overflow_concentric_impassable,
          serial_shops, shop, nicolae_figureground_sparkle, uniq_eustachio,
          uniq_sigmund
D:5:      layout_rooms, grunt_temple_overflow_open, mainiacjoe_overflow_paths,
          mainiacjoe_overflow_two_lobes, gammafunk_ghost_smash,
          chequers_serial_rivers_room_b, small_statue_intersection,
          water_boxes_lemuel
D:6:      layout_cave_pods, temple_fountains, nicolae_ossuary_entry_giza
D:7:      layout_gridville
D:8:      kennysheep_seaside_town, layout_cave_pools,
          mainiacjoe_overflow_surrounded_room, serial_shops, shop
D:9:      layout_basic, tgw_xom, mainiacjoe_overflow_catwalk_spiral,
          serial_shops, shop_fountains, serial_curves, eino_curves_02,
          eino_curves_02, grunt_ministairs_3, kennysheep_flooded_box
D:10:     layout_roguey, david_lair_shrubbed, enter_trove_2,
          serial_bayou_crossing
D:11:     layout_cave_pools, gauntlet_entry_generic
D:12:     layout_cave_pools, david_orc_3,
          hellmonk_guarded_unrand_vitality_bloodlust
D:13:     minmay_slanted_spiral_squares, layout_loops_ring, david_vaults_3,
          serial_bayou_lagoon_a, fedhas_altar_fruit_tree, uniq_rupert
D:14:     layout_rooms, hangedman_decor_opposing, uniq_louise
D:15:     grunt_enter_depths_snipers, layout_gridville, solitary_fountain,
          uniq_agnes
Lair:1:   layout_roguey, lemuel_fruit_fields
Lair:2:   layout_loops_ring, elwin_shoals_entry_rocks,
          nicolae_snake_entry_warm_welcome
Lair:3:   layout_loops_ring, uniq_amaemon
Lair:4:   layout_roguey, gammafunk_ghost_abyssal_escape, uniq_urug
Lair:5:   hangedman_lair_caniforms_friends, layout_small_grid,
          minmay_slime_entry_pillars, ebering_ghost_funeral_grove,
          kennysheep_rathole
Shoals:1: layout_shoals, nicolae_shoals_nautilus_by_nature, uniq_nikola,
          uniq_frances, uniq_jorgrun
Shoals:2: layout_shoals, hellmonk_ghost_happy_afterlife, uniq_ilsuiw
Shoals:3: layout_shoals, nicolae_shoals_wave_tunnel, uniq_mlioglotl
Shoals:4: shoals_end_hellmonk_storm_palace [storm_palace_center_circular,
          storm_palace_corner_grid, storm_palace_corner_pillars,
          storm_palace_corner_altar, storm_palace_corner_narrow],
          uniq_polyphemus
Snake:1:  layout_layer_cave, serial_shops, shop, nicolae_shop_stone,
          nrook_loot_triangle
Snake:2:  layout_layer_cave, uniq_aizul
Snake:3:  layout_chambers
Snake:4:  grunt_snake_rune_spirals, layout_onion, grunt_ministairs_10
Orc:1:    layout_caves, kennysheep_orc_chapel
Orc:2:    st_orc_pillars, layout_caves
Elf:1:    layout_geoelf_octagon, portal_desolation_entry_nicolae_slug,
          hangedman_elven_crosses_minicolossus, minivault_23, kb_rosetta
Elf:2:    nicolae_elf_blades_splatter_lattice [nicolae_blade_tridents],
          layout_geoelf_octagon, nicolae_elf_glass_and_crystal_pillar_1
Elf:3:    minmay_elf_hall_dome, layout_onion_city, serial_shops,
          nicolae_shop_real_fake_doors
Vaults:1: vaults_standard_mumra_x, vaults_room_grunt_arrival_checkpoint,
          grunt_vaults_bifocal, nicolae_vaults_alarming,
          nicolae_vaults_diffraction_hallways, vaults_room_fours,
          nicolae_vaults_disjoint_gnomons, nicolae_vaults_closet_pinwheel_6,
          not_door_vault_mu, nicolae_vaults_tetromino_L_2, vaults_room_pools,
          vaults_room_hallway, layout_vaults_maze_snakey
Vaults:2: v_misc_10, minmay_crypt_entry_necro_gods,
          hangedman_vaults_corner_blocks, vaults_room_stairs_pillars,
          nicolae_vaults_wine_cellar, nicolae_vaults_prndl,
          nicolae_vaults_sealed_display, nicolae_vaults_little_squares_2,
          vaults_mumra_minichess_inversion, nicolae_vaults_tetromino_T_1,
          layout_vaults_omnigrid, serial_shops, nicolae_shop_back_alley_shop
Vaults:3: st_greater_box_4, grunt_vaults_funnel,
          ontoclasm_vaults_decontamination, v_misc_28, nicolae_vaults_mitosis,
          hangedman_vaults_snaps, nicolae_vaults_tetromino_Z_2,
          vaults_dpeg_ring, ontoclasm_vaults_eye,
          nicolae_vaults_surprise_closet, layout_vaults_big_room
Vaults:4: nicolae_vaults_hallways_thing, nicolae_vaults_network_quinsquares
          [nicolae_vaults_network_quincunx_subvault,
          nicolae_vaults_network_quincunx_subvault,
          nicolae_vaults_network_quincunx_subvault,
          nicolae_vaults_network_quincunx_subvault], dpeg_vaults_hating_casters,
          vaults_room_fours, v_alt_pattern_6, v_misc_9, hangedman_vaults_trim,
          nicolae_vaults_little_squares_3, ontoclasm_vaults_idyll,
          nicolae_vaults_closet_pinwheel_4, nicolae_vaults_ring_of_whatevers,
          nicolae_vaults_apartment_1, layout_vaults_ring
Vaults:5: uniq_bai_suzhen
Crypt:1:  layout_regular_city, serial_co_window_serial,
          co_window_of_opportunity_a, co_window_paths_b, co_window_paths_a,
          co_window_paths_a, co_window_paths_a, co_window_of_opportunity_c,
          co_window_paths_c, co_window_of_opportunity_c, co_window_corner_ca,
          co_window_corner_ca, co_window_sun, glass_columns_a, glass_columns_a,
          uniq_josephina, uniq_xtahua, uniq_jory
Crypt:2:  layout_chaotic_city, serial_glass, glass_columns_a, glass_columns_a,
          nicolae_crypt_small_crypt, grunt_megastairs_3, lemuel_upstairs_altar,
          uniq_margery, uniq_donald
Crypt:3:  church_of_pain_bobbens, layout_chaotic_city, tomb_entry_shell_bobbens,
          basic_altar, amcnicky_mini_corridor_feature, uniq_zenata
Depths:1: hangedman_elemental_death_ray, layout_gridlike, enter_ziggurat_f,
          abyss_entry, pf_hell_entry_tar_spiral, tso_metal_star,
          nicolae_ru_the_path_less_chosen
Depths:2: minmay_the_grid_square_5x5_4x4 [minmay_the_grid_square_5x5_empty,
          minmay_the_grid_square_5x5_eight_small,
          minmay_the_grid_square_5x5_corner, minmay_the_grid_square_5x5_minimal,
          minmay_the_grid_square_5x5_hourglass,
          minmay_the_grid_square_5x5_prize_rear_guard,
          minmay_the_grid_square_5x5_prize_snowflake,
          minmay_the_grid_square_5x5_detours, minmay_the_grid_square_5x5_c,
          minmay_the_grid_square_5x5_prize_waves,
          minmay_the_grid_square_5x5_prize_monsterx,
          minmay_the_grid_square_5x5_hollow_slash,
          minmay_the_grid_square_5x5_half_checkered,
          minmay_the_grid_square_5x5_dogpile,
          minmay_the_grid_square_5x5_almost_minimal,
          minmay_the_grid_square_5x5_seven], layout_basic,
          serial_co_window_serial, co_window_corner_a, co_window_corner_a,
          co_window_paths_a, co_window_of_opportunity_a, co_window_paths_b,
          co_window_corner_a, co_window_paths_b, co_window_corner_cb,
          co_window_of_opportunity_b, co_window_cross_4, co_window_4corner_b,
          rand_demon_pan_entry_7, hell_entry,
          nicolae_gozag_cash_rules_everything_around_me, uniq_grunn, uniq_vv,
          uniq_mara
Depths:3: regret_index_dithmenos_brocken_genspenst, layout_cave_pools,
          abyss_entry_small_statue_room, hell_entry, minivault_14,
          zin_scriptorium, uniq_boris
Depths:4: grunt_zot_entry_tricorne, layout_honeycomb,
          grunt_hell_entry_dis_grunt, hangedman_decor_push
Zot:1:    layout_twisted_circle, grunt_ministairs_3, nicolae_shop_clearance
Zot:2:    layout_basic, hangedman_player_shredder, grunt_megastairs_4
Zot:3:    layout_basic, grunt_ministairs_2
Zot:4:    layout_gridville, hangedman_zot_decor_checkerboard
Zot:5:    layout_misc_corridors, gammafunk_ghost_wrathful_warriors,
          nicolae_diode_basic

Skill      XL: |  1  2  3  4  5  6  7  8  9 10 11 12 13 14 15 16 17 18 19 20 21 22 23 24 25 26 27 |
---------------+----------------------------------------------------------------------------------+-----
Earth Magic    | 4 5 6 8 9 10 17 23 27 | 27.0
Conjurations   | 1 3 4 5 8 13 15 17 19 21 | 21.0
Spellcasting   | 4 6 8 9 10 12 15 16 22 27 | 27.0
Fighting       | 1 5 7 8 9 10 11 | 11.0
Dodging        | 8 10 12 14 15 16 17 19 20 | 20.0
Armour         | 5 7 10 | 10.1
Poison Magic   | 2 3 |  3.5
Air Magic      | 2 3 |  3.1
Evocations     | 5 6 11 | 11.0
Staves         | 5 12 | 12.5
Fire Magic     | 4 |  4.0
Invocations    | 3 10 12 | 12.7
Translocations | 1 |  1.6
Shields        | 6 12 13 14 18 | 18.0
Stealth        | |  2.4
Transmutations | |  1.1

Action                     |  1- 3 |  4- 6 |  7- 9 | 10-12 | 13-15 | 16-18 | 19-21 | 22-24 | 25-27 || total
---------------------------+-------+-------+-------+-------+-------+-------+-------+-------+-------++-------
  Melee: Staff             |       |       |     6 |    16 |   144 |   216 |   596 |   814 |   259 ||  2051
         Punch             |       |       |       |       |     2 |     6 |     4 |       |       ||    12
   Fire: Sling             |     6 |       |       |       |       |       |       |       |       ||     6
  Throw: Stone             |     1 |       |       |       |       |       |       |       |       ||     1
         Dart              |     2 |     4 |     6 |    13 |     7 |       |     2 |       |       ||    34
         Throwing net      |       |       |       |       |       |       |     2 |       |       ||     2
   Cast: Sandblast         |    51 |    69 |    53 |    19 |     7 |       |       |       |       ||   199
         Stone Arrow       |       |     7 |   131 |   370 |   663 |   396 |       |       |       ||  1567
         Magic Dart        |       |       |       |       |    71 |    36 |    15 |     2 |     6 ||   130
         Mephitic Cloud    |       |       |       |       |    12 |    19 |       |       |       ||    31
         Fireball          |       |       |       |       |       |    75 |   107 |    67 |    10 ||   259
         Orb of Destructio |       |       |       |       |       |   263 |   249 |   255 |   213 ||   980
         Apportation       |       |       |       |       |       |     1 |     1 |       |     1 ||     3
         Iron Shot         |       |       |       |       |       |   136 |   356 |   454 |   175 ||  1121
         Blink             |       |       |       |       |       |     3 |       |     2 |       ||     5
         Lee's Rapid Decon |       |       |       |       |       |       |       |    52 |    11 ||    63
         Lehudib's Crystal |       |       |       |       |       |       |       |       |   221 ||   221
         Shatter           |       |       |       |       |       |       |       |       |   185 ||   185
 Invoke: Channel Magic     |       |       |       |       |       |     5 |    21 |     7 |    21 ||    54
  Evoke: Wand              |       |       |       |     3 |    14 |    17 |     9 |     2 |    10 ||    55
         Box of beasts     |       |       |       |       |     2 |     2 |     1 |     1 |     1 ||     7
         Phial of floods   |       |       |       |       |     1 |     1 |     1 |       |       ||     3
         Phantom mirror    |       |       |       |       |       |     1 |       |     4 |       ||     5
         Condenser vane    |       |       |       |       |       |       |     2 |       |     1 ||     3
    Use: Scroll            |     8 |     5 |     6 |    10 |     9 |     7 |     8 |     6 |     5 ||    64
         Potion            |       |       |       |     1 |     8 |       |     3 |     2 |    17 ||    31
   Stab: Paralysed         |       |       |       |       |     2 |       |       |       |    19 ||    21
         Confused          |       |       |       |       |       |     7 |       |       |       ||     7
         Distracted        |       |       |       |       |       |     1 |       |     4 |       ||     5
         Invisible         |       |       |       |       |       |       |       |       |     4 ||     4
 Armour: Robe              |       |     3 |       |       |       |       |       |       |       ||     3
         Animal skin       |       |     1 |    11 |       |       |       |       |       |       ||    12
         Acid dragon scale |       |       |       |    30 |   156 |   135 |   110 |   127 |    46 ||   604
  Dodge: Dodged            |     6 |    11 |    18 |    94 |   396 |   415 |   430 |   510 |   271 ||  2151
  Block: Kite shield       |       |       |       |       |       |       |   383 |   602 |   253 ||  1238
